 Dungeon Crawl Stone Soup version 0.31-a0-854-g362426d53f (webtiles) character file.

Game seed: 6883779791369409830

2348634 Charly the Conqueror (level 27, 298/298 HPs)
             Began as a Naga Fighter on Oct 7, 2023.
             Was an Initiate of Gozag.
             Escaped with the Orb
             ... and 4 runes on Oct 8, 2023!
             The game lasted 02:43:11 (68826 turns).

Charly the Conqueror (Naga Fighter)                Turns: 68826, Time: 02:43:11

Health: 298/298    AC: 52    Str: 28    XL:     27
Magic:  29/29      EV: 12    Int: 16    God:    Gozag
Gold:   2038       SH: 13    Dex: 16    Spells: 26/26 levels left

rFire   + + +        a - +9 broad axe (chaos)
rCold   . . .        J - +3 warlock's mirror {omnireflect}
rNeg    + . .        k - +4 shadow dragon scales of Omission {rElec rN+ Will+ Slay+2 Stlth++++}
rPois   +            g - +2 hood of the Assassin {Detect Stab+ Stlth++}
rElec   +            Q - +4 dragonskin cloak
rCorr   +            y - +1 pair of gloves {Dex+3}
SInv    +            v - +4 barding
Will    +++..        Y - amulet of Zus Ysog {Faith Will- Regen+ Int+4 Slay+5}
Stlth   +++          j - +4 ring of slaying
HPRegen 1.49/turn    f - ring "Pohul" {rF+++ rCorr MP+9 Str-2 Int+3}
MPRegen 0.21/turn

%: reflection, faith
@: studying 4 skills, very slow
A: AC +9, large, see invisible, deformed body, poison resistance, slowness 2,
spit poison 1, naga tail 2, stinger 2, iridescent scales 1, low MP 1
0: Orb of Zot
}: 4/15 runes: decaying, slimy, silver, gossamer
a: Spit Poison, Renounce Religion, Potion Petition, Call Merchant, Bribe Branch


You escaped.
You worshipped Gozag.
Gozag was most pleased with you.
You visited 11 branches of the dungeon, and saw 53 of its levels.
You also visited: Gauntlet.

You collected 31248 gold pieces.
You spent 13178 gold pieces at shops.
You paid 16032 gold pieces to Gozag.

Inventory:

Hand Weapons
 a - a +9 broad axe of chaos (weapon)
 b - a +9 vampiric broad axe
Missiles
 u - a throwing net
 H - 11 curare-tipped darts
Armour
 g - the +2 hood of the Assassin (worn) {Detect Stab+ Stlth++}
   (You bought it in a shop on level 4 of the Depths)

   Detect:    It allows the wearer to sense nearby creatures.
   Stab+:     It allows the wearer to make particularly effective stabbing
   attacks against helpless or unaware enemies with any weapon.
   Stlth++:   It makes you much more stealthy.
 k - the +4 shadow dragon scales of Omission (worn) {rElec rN+ Will+ Slay+2 Stlth++++}
   (You bought it in a shop on level 2 of the Elven Halls)

   Slay+2:    It affects your accuracy & damage with ranged weapons and melee
   (+2).
   rElec:     It insulates you from electricity.
   rN+:       It protects you from negative energy.
   Will+:     It increases your willpower.
   Stlth++++: It makes you much more stealthy.
 v - a +4 barding (worn)
 y - a +1 pair of gloves of dexterity (worn)
 z - the +9 ice dragon scales of the Squeaky Cockroach {rF- rC++ Regen+ Str+7 Dex-3 Stlth+}
   (You bought it in a shop on level 10 of the Dungeon)

   Str+7:     It affects your strength (+7).
   Dex-3:     It affects your dexterity (-3).
   rF-:       It makes you vulnerable to fire.
   rC++:      It greatly protects you from cold.
   Regen+:    It increases your rate of health regeneration.
   Stlth+:    It makes you more stealthy.
 J - the +3 warlock's mirror (worn) {omnireflect}
   (You found it on level 3 of the Elven Halls)

   Omnireflect: It can block and reflect piercing ranged attacks and magical
   attacks against the wielder's willpower.
 Q - the +4 dragonskin cloak (worn)
   (You took it off Tiamat on level 4 of the Realm of Zot)

   Avatar's Aegis: It grants the wearer a chance to resist fire, cold, poison,
   electricity, acid, and negative energy.
Jewellery
 c - the ring "Rachaka" {Drain rElec rC+++ AC+4 Str-5}
   (You found it in a Gauntlet)

   [ring of protection]

   AC+4:      It affects your AC (+4).
   Str-5:     It affects your strength (-5).
   rC+++:     It renders you almost immune to cold.
   rElec:     It insulates you from electricity.
   Drain:     It drains your maximum health when unequipped.
 f - the ring "Pohul" (right hand) {rF+++ rCorr MP+9 Str-2 Int+3}
   (You took it off a spriggan air mage on level 3 of the Swamp)

   [ring of magical power]

   Str-2:     It affects your strength (-2).
   Int+3:     It affects your intelligence (+3).
   rF+++:     It renders you almost immune to fire.
   MP+9:      It affects your magic capacity (+9).
   rCorr:     It protects you from acid and corrosion.
 j - a +4 ring of slaying (left hand)
 m - the ring of the Little Devil {Fly rC+ Will+ Int+2}
   (You found it on level 5 of the Pits of Slime)

   [ring of protection from cold]

   Int+2:     It affects your intelligence (+2).
   rC+:       It protects you from cold.
   Will+:     It increases your willpower.
   Fly:       It grants you flight.
 A - the macabre finger necklace {Finger+ rN+}
   (You took it off a frost giant on level 5 of the Vaults)

   [amulet of nothing]

   Finger+:   It enables you to equip an extra ring.
   rN+:       It protects you from negative energy.
 O - a +4 ring of slaying
 Y - the amulet of Zus Ysog (around neck) {Faith Will- Regen+ Int+4 Slay+5}
   (You took it off an ironbound convoker on level 1 of the Vaults)

   [amulet of faith]

   Faith:     It allows you to gain divine favour quickly.
   Int+4:     It affects your intelligence (+4).
   Slay+5:    It affects your accuracy & damage with ranged weapons and melee
   (+5).
   Will-:     It decreases your willpower.
   Regen+:    It increases your rate of health regeneration.
Wands
 l - a wand of light (43)
 x - a wand of iceblast (46)
 R - a wand of mindburst (31) (quivered)
 S - a wand of charming (49)
 W - a wand of digging (5)
Scrolls
 d - 8 scrolls of fog
 e - 30 scrolls of teleportation
 n - 10 scrolls of blinking
 o - 9 scrolls of vulnerability
 p - 7 scrolls of revelation
 D - 4 scrolls of summoning
 E - 13 scrolls of fear
 I - 3 scrolls of poison
 U - 4 scrolls of silence
 Z - 3 scrolls of immolation
Potions
 h - 18 potions of heal wounds
 i - 8 potions of magic
 q - 5 potions of attraction
 r - 5 potions of haste
 s - 3 potions of resistance
 t - 11 potions of ambrosia
 w - 8 potions of mutation
 B - 4 potions of invisibility
 G - 5 potions of might
 L - 9 potions of lignification
 M - 18 potions of curing
 P - 7 potions of cancellation
 T - 9 potions of enlightenment
 V - 6 potions of berserk rage
Miscellaneous
 C - a phantom mirror
 F - a sack of spiders
 K - a phial of floods
 N - a lightning rod (4/4)
 X - a tin of tremorstones (2/2)


   Skills:
 O Level 27 Fighting
 - Level 18.0 Axes
 + Level 19.6 Armour
 + Level 15.6 Dodging
 - Level 8.0 Stealth
 + Level 22.5 Shields
 - Level 15.0 Evocations


You had 26 spell levels left.
You didn't know any spells.
Your spell library contained the following spells:

 Spells                   Type           Power      Damage    Failure   Level
 Apportation              Tloc           0%         N/A       58%         1
 Foxfire                  Conj/Fire      0%         2x1d4     58%         1
 Magic Dart               Conj           0%         1d3       58%         1
 Sandblast                Erth           0%         2d4       58%         1
 Sting                    Tmut/Pois      0%         1d3       58%         1
 Blink                    Tloc           0%         N/A       73%         2
 Call Imp                 Summ           0%         N/A       73%         2
 Cigotuvi's Dreadful Rot  Necr/Pois/Air  0%         N/A       73%         2
 Ensorcelled Hibernation  Hex/Ice        0%         N/A       73%         2
 Jinxbite                 Hex            0%         N/A       73%         2
 Momentum Strike          Conj/Tloc      0%         3d8       73%         2
 Passwall                 Tmut/Erth      0%         N/A       73%         2
 Poisonous Vapours        Pois/Air       0%         N/A       73%         2
 Scorch                   Fire           0%         2d5       73%         2
 Static Discharge         Conj/Air       0%         2-2/arc   73%         2
 Wereblood                Tmut           0%         N/A       73%         2
 Call Canine Familiar     Summ           0%         N/A       91%         3
 Dazzling Flash           Conj/Hex       0%         N/A       91%         3
 Gell's Gravitas          Tloc           0%         N/A       91%         3
 Hailstorm                Conj/Ice       0%         3d3       91%         3
 Ignite Poison            Fire/Tmut/Pois 0%         N/A       91%         3
 Mephitic Cloud           Conj/Pois/Air  0%         N/A       91%         3
 Sigil of Binding         Hex            0%         N/A       91%         3
 Stone Arrow              Conj/Erth      0%         3d7       91%         3
 Swiftness                Air            0%         N/A       91%         3
 Teleport Other           Tloc           0%         N/A       91%         3
 Tukima's Dance           Hex            0%         N/A       91%         3
 Volatile Blastmotes      Fire/Tloc      0%         2d10      91%         3
 Airstrike                Air            0%         2d(0-16)  100%        4
 Brom's Barrelling Bould  Conj/Erth      0%         2d3       100%        4
 Dimensional Bullseye     Hex/Tloc       0%         N/A       100%        4
 Flame Wave               Conj/Fire      0%         2d4       100%        4
 Iskenderun's Mystic Bla  Conj/Tloc      0%         2d3       100%        4
 Leda's Liquefaction      Hex/Erth       0%         N/A       100%        4
 Manifold Assault         Tloc           0%         N/A       100%        4
 Olgreb's Toxic Radiance  Pois           0%         N/A       100%        4
 Passage of Golubria      Tloc           0%         N/A       100%        4
 Petrify                  Tmut/Erth      0%         N/A       100%        4
 Sticky Flame             Conj/Fire      0%         2d3       100%        4
 Summon Ice Beast         Ice/Summ       0%         N/A       100%        4
 Summon Lightning Spire   Summ/Air       0%         N/A       100%        4
 Vhi's Electric Charge    Tloc/Air       0%         N/A       100%        4
 Agony                    Necr           0%         N/A       100%        5
 Alistair's Intoxication  Tmut/Pois      0%         N/A       100%        5
 Arcjolt                  Conj/Air       0%         1d10      100%        5
 Fireball                 Conj/Fire      0%         3d3       100%        5
 Freezing Cloud           Conj/Ice/Air   0%         6-21      100%        5
 Irradiate                Conj/Tmut      0%         3d11      100%        5
 Iskenderun's Battlesphe  Conj           0%         2d6       100%        5
 Silence                  Hex/Air        0%         N/A       100%        5
 Summon Forest            Summ/Tloc      0%         N/A       100%        5
 Summon Mana Viper        Hex/Summ       0%         N/A       100%        5
 Yara's Violent Unravell  Hex/Tmut       0%         3d3       100%        5
 Bombard                  Conj/Erth      0%         9d1       100%        6
 Dispersal                Tloc           0%         N/A       100%        6
 Eringya's Noxious Bog    Tmut/Pois      0%         4d6       100%        6
 Plasma Beam              Fire/Air       0%         2x1d10    100%        6
 Starburst                Conj/Fire      0%         6d3       100%        6
 Summon Cactus Giant      Summ           0%         N/A       100%        6
 Malign Gateway           Summ/Tloc      0%         N/A       100%        7
 Monstrous Menagerie      Summ           0%         N/A       100%        7
 Spellforged Servitor     Conj/Summ      0%         N/A       100%        7
 Discord                  Hex            0%         N/A       100%        8
 Ignition                 Fire           0%         3d3       100%        8
 Maxwell's Capacitive Co  Air            0%         ∞         100%        8
 Death's Door             Necr           0%         N/A       100%        9
 Dragon's Call            Summ           0%         N/A       100%        9
 Polar Vortex             Ice            0%         N/A       100%        9
 Simulacrum               Ice/Necr       Unusable   N/A       N/A         6

Dungeon Overview and Level Annotations

Branches:
Dungeon (15/15)            Temple (1/1) D:6            Lair (5/5) D:10
  Swamp (4/4) Lair:3       Spider (4/4) Lair:2        Slime (5/5) Lair:5
    Orc (2/2) D:11            Elf (3/3) Orc:2        Vaults (5/5) D:13
  Crypt (0/3) Vaults:3     Depths (4/4) D:15            Zot (5/5) Depths:4
Gauntlet (visited)

Altars:
Ashenzari
Cheibriados
Dithmenos
Elyvilon
Fedhas
Gozag
Hepliaklqana
Kikubaaqudgha
Makhleb
Nemelex Xobeh
Okawaru
Qazlal
Ru
Sif Muna
Trog
Uskayaw
Vehumet
Wu Jian
Xom
Yredelemnul
Zin
The Shining One
Jiyva

Shops:
D:9 (   D:10 [   Orc:2 !(:([   Elf:1 ?   Elf:2 :[*   Lair:3 (?   Vaults:2 =
Vaults:3 [   Depths:1 *   Depths:4 [

Portals:
Hell: Depths:1 Depths:2 Depths:3 Depths:4
Abyss: Depths:1 Depths:3
Pandemonium: Depths:2 Depths:3
Ziggurat: Depths:1


Innate Abilities, Weirdness & Mutations

Your serpentine skin is tough. (AC +9)
You have supernaturally acute eyesight. (SInv)
Armour fits poorly on your strangely shaped body.
Your system is resistant to poisons. (rPois)
You cover ground very slowly.
You can spit poison.
You can use your snake-like lower body to constrict enemies.
Your tail ends in a sharp venomous barb.
You are partially covered in iridescent scales. (AC +2)
Your magical capacity is low. (-10% MP)


Message History

Kebruly tramples the ynoxinul!
The ynoxinul is shoved backwards!
Kebruly completely misses the ynoxinul.
There is an escape hatch in the ceiling here.
You carve the ynoxinul like a ham!!! You burn the ynoxinul!
You kill the ynoxinul!
There is an escape hatch in the ceiling here.
A mysterious force pulls you upwards. The hatch slams shut behind you.
You swap places.
There is a stone staircase leading up, spattered with blood here.
You climb upwards.
There is a stone staircase leading down here.
You climb downwards.
There is a stone staircase leading up, spattered with blood here.
You climb upwards.
There is a stone staircase leading down here.
You swap places.
You swap places.
The Orb Guardian stares, then turns away, jangling a coin purse.
Your bribe of the Dungeon has been exhausted.
The Orb Guardian is no longer bribed.
An Orb Guardian comes into view.
Your Ice Fiend gestures at the Orb Guardian.
The bolt of cold hits Kebruly!!!
The bolt of cold hits the Orb Guardian!!!
You swap places.
The Orb Guardian completely misses Kebruly.
Kebruly tramples the Orb Guardian!
The Orb Guardian holds its ground!
The Orb Guardian closely misses Kebruly.
You swap places.
The Orb Guardian hits Kebruly!
Your Ice Fiend gestures at the Orb Guardian.
The bolt of cold hits you but does no damage.
The bolt of cold hits the Orb Guardian!
The Orb Guardian dies!
You open the door.
There is an open door here.
There is a staircase leading out of the dungeon here.
Your Ice Fiend claws the plant.
The plant begins to die.
Your Ice Fiend freezes the plant!!!
Your Ice Fiend claws the plant!!
Your Ice Fiend freezes the plant!!
You have escaped!

#########.....##......#.(.....###
.....................###.....##
#########.....##..###.###...## #
#........###8'8###....#### # #
#.####..##≈~~.~≈≈##..######### #
#.# #.##≈~~...~~≈##.......... #
#)# ###≈≈P..8..P~≈##.........
####.# #≈~~.......~≈≈#.)......)
.>...# #~P.8..@..8.P≈##########
###### #≈~~..&1...~~≈# #
###≈≈P.182.P~≈### #
#.##~≈~.P.≈≈≈##.# #
##..##≈≈~.~≈≈##..####### ######
#....###8'8###...#.....# .....#
#.#### ##.## ###.#.###.### ####.#
#.# #..#####.#.#...... #
#.###.########.......#.#.#.###


You could see the friendly Kebruly, a friendly Hell Sentinel, a friendly Ice
Fiend and a friendly green death.

Vanquished Creatures
  the Royal Jelly (Slime:5)
  5 dread liches
  Tiamat (Zot:4)
  Mennas (Depths:3)
  4 orbs of fire
  3 ancient liches
  4 juggernauts
  4 Killer Klowns (Zot:5)
  Frederick (Vaults:2)
  Xtahua (Vaults:4)
  5 curse toes
  3 caustic shrikes (Depths:4)
  13 golden dragons
  The ghost of Yfesuf the Markscentaur, an adept CeHu of Okawaru (Elf:2)
  Arachne (Spider:4)
  3 electric golems
  Nikola (Vaults:2)
  2 Tzitzimimeh
  2 Brimstone Fiends
  A walking earthen tome (Depths:4)
  The ghost of Lafiguk the Bludgeoner, an adept OgCA of Sif Muna (Vaults:3)
  A hellephant (Zot:1)
  Zenata (Vaults:1)
  27 Orb Guardians
  9 liches
  Asterion (Elf:3)
  18 tentacled monstrosities
  8 titans
  A deep elf blademaster (Elf:3)
  2 walking frostbound tomes
  8 quicksilver dragons
  18 acid blobs
  3 deep elf master archers (Elf:3)
  2 walking divine tomes (Depths:4)
  An Executioner (Depths:3)
  5 sphinxes
  18 shadow dragons
  Kirke (Lair:3)
  5 death cobs
  2 thorn hunters
  Agnes (Elf:1)
  8 tengu reavers
  10 storm dragons
  Donald (Orc:2)
  9 draconian monks
  7 rockslimes
  The ghost of dannycarnage the Warrior, an adept OpVM of Hepliaklqana (Swamp:3)
  2 daevas
  9 azure jellies
  4 draconian knights
  13 frost giants
  5 deep elf sorcerers
  6 iron dragons
  7 ghost moths
  10 fire giants
  Louise (Swamp:1)
  7 emperor scorpions (Spider:4)
  9 deep elf elementalists (Elf:3)
  2 orc warlords
  12 vault wardens
  7 draconian scorchers
  A curse skull (Vaults:3)
  A caustic shrike zombie (D:15)
  2 draconian stormcallers
  3 spriggan defenders (Depths:4)
  9 draconian shifters
  10 quicksilver oozes
  2 cacodemons (Depths:3)
  A reaper (Spider:1)
  17 stone giants
  4 draconian annihilators
  A war gargoyle (Vaults:5)
  2 broodmothers
  9 ironbound thunderhulks
  23 ironbound preservers
  2 vampire knights
  13 very ugly things
  4 formless jellyfish
  10 deep elf demonologists
  6 eleionomae
  Nessos (Lair:4)
  13 green draconians
  8 deep elf annihilators (Elf:3)
  9 black draconians
  16 white draconians
  12 dire elephants
  16 purple draconians
  3 bunyips
  3 spark wasps
  The ghost of Jaeviudi the Spear-Bearer, a journeyman GnRe of Gozag (D:13)
  11 yellow draconians
  9 red draconians
  A spark wasp (shapeshifter) (Elf:3)
  A minotaur (Gauntlet)
  13 ettins
  A blizzard demon (Depths:4)
  6 deep elf death magi
  2 green deaths (Depths:3)
  Josephine (D:11)
  10 great orbs of eyes
  6 deep elf high priests
  5 entropy weavers
  Harold (Lair:1)
  12 fire dragons
  12 yaktaur captains
  A shambling mangrove (Swamp:4)
  3 rakshasas
  13 ice dragons
  28 vault guards
  8 radroaches
  5 ghost crabs
  2 ogre magi
  Erolcha (Orc:1)
  2 jorogumos
  7 ironbound frosthearts
  Erica (D:10)
  21 hydras
  4 spriggan air magi
  10 centaur warriors
  A death knight (Vaults:3)
  A catoblepas (Lair:5)
  10 two-headed ogres
  9 alligators
  28 dancing weapons
  A death scarab (Spider:2)
  7 boulder beetles
  6 demonic crawlers
  5 tengu warriors
  3 death yaks (Lair:5)
  A vampire mage (D:15)
  14 deep troll shamans
  An orc high priest (Orc:2)
  14 spriggans
  9 deep troll earth magi
  7 spriggan berserkers
  30 hell knights
  17 deep elf knights
  9 sun demons (Depths:1)
  4 pharaoh ants
  A sun moth (Spider:3)
  A sixfirhy (D:7)
  4 skeletal warriors
  2 skysharks
  A storm dragon skeleton (Vaults:4)
  6 iron trolls
  A death drake (Swamp:4)
  6 orb spiders
  6 spriggan druids
  5 goliath frogs
  15 swamp dragons
  6 glowing orange brains
  2 flayed ghosts (Depths:4)
  72 deep trolls
  4 bog bodies
  7 wizards
  7 lindwurms
  Lodul (D:10)
  A tengu zombie (Depths:2)
  An obsidian statue (Zot:5)
  18 deep elf archers
  A shadow dragon zombie (Depths:2)
  32 deep elf zephyrmancers
  2 orc knights (Orc:1)
  5 phantasmal warriors
  5 steelbarb worms
  An iron dragon zombie (Depths:2)
  10 ironbound convokers
  16 necromancers
  32 deep elf pyromancers
  A manticore (D:14)
  4 orc sorcerers (Orc:2)
  22 wolf spiders
  5 shining eyes
  20 ugly things
  9 will-o-the-wisps
  36 moths of wrath
  2 fauns
  6 cyclopes
  2 fire giant zombies
  9 elephants
  Maurice (D:8)
  19 vault sentinels
  3 black mambas
  An eye of devastation (Depths:1)
  7 cane toads
  2 torpor snails
  3 unseen horrors (D:12)
  A hellion (Depths:1)
  A gargoyle (D:12)
  Joseph (D:7)
  3 spriggan zombies
  A rime drake (Lair:4)
  An efreet (D:14)
  7 komodo dragons
  45 yaktaurs
  3 tengu conjurers
  A red devil (Zot:3)
  15 hornets
  9 meliai
  3 trolls
  27 tarantellas
  A shadow dragon simulacrum (Depths:2)
  17 blink frogs
  9 tyrant leeches
  A wolf spider simulacrum (D:13)
  Prince Ribbit (D:8)
  6 polar bears
  6 dream sheep (Lair:5)
  A frost giant simulacrum (Depths:2)
  An ettin skeleton (Depths:2)
  26 culicivoras
  70 slime creatures
  Sigmund (D:2)
  3 vampires (D:13)
  9 flying skulls (Gauntlet)
  A slime creature (shapeshifter) (Depths:4)
  37 jumping spiders
  A yak (shapeshifter) (Elf:1)
  4 water elementals
  An air elemental (Elf:1)
  9 wyverns
  A shadow (D:13)
  2 ynoxinuls
  10 hogs
  5 humans
  An elf zombie (Vaults:4)
  44 yaks
  8 wraiths
  6 fire elementals
  Grum (D:8)
  6 basilisks
  A steam dragon (D:8)
  71 redbacks
  A golden eye (Slime:5)
  6 small abominations (Gauntlet)
  A neqoxec (Depths:4)
  3 vampire mosquitoes (Swamp:1)
  2 large abominations (Gauntlet)
  4 wargs
  3 acid dragons
  A swamp worm (shapeshifter) (Vaults:1)
  17 swamp worms
  A two-headed ogre zombie (Orc:1)
  A human simulacrum (Vaults:4)
  18 water moccasins
  An acid dragon (shapeshifter) (Elf:2)
  Duvessa (D:7)
  26 orc warriors
  9 swamp drakes
  A black bear (shapeshifter) (Vaults:5)
  4 sky beasts
  An ice beast (D:8)
  32 ogres
  5 black bears
  A boggart (shapeshifter) (Vaults:5)
  15 wolves
  7 centaurs
  11 bullfrogs
  2 kobold brigands
  4 scorpions
  A glowing shapeshifter simulacrum (Depths:2)
  6 earth elementals
  5 gnoll sergeants
  11 wights
  Dowan (D:7)
  11 killer bees
  3 electric eels
  9 howler monkeys
  3 hounds
  24 orc priests
  6 jellies
  2 sleepcaps
  Natasha (thrice) (D:2)
  An iguana (D:5)
  27 orc wizards
  7 hell rats (Lair:3)
  An ogre zombie (Orc:1)
  A mummy (D:9)
  Robin (D:3)
  10 adders
  13 gnolls
  A shadow imp (D:8)
  3 white imps
  2 worms (D:2)
  A dart slug (D:1)
  61 orcs
  5 ball pythons
  7 bats
  10 endoplasms
  5 giant cockroaches
  16 goblins
  5 hobgoblins
  3 jackals (D:1)
  11 kobolds
  10 quokkas
  5 frilled lizards
  7 rats
  A spectral orc (D:3)
  2 spectral weapons (Elf:3)
2277 creatures vanquished.

Vanquished Creatures (collateral kills)
  A Killer Klown (Zot:5)
  An Orb Guardian (D:1)
  2 draconian annihilators (Zot:4)
  A white draconian (Zot:4)
  A hydra (Swamp:4)
  A swamp dragon (Swamp:4)
  A moth of wrath (Zot:4)
  A komodo dragon (D:10)
  A red devil (D:5)
  A ynoxinul (D:5)
  A chaos spawn (D:5)
  A swamp worm (Swamp:4)
  A swamp drake (Swamp:4)
  3 wolves (Lair:5)
  An orc (D:3)
18 creatures vanquished.

Vanquished Creatures (others)
  A draconian scorcher (Zot:4)
  2 purple draconians (Zot:4)
  A ghost crab (Swamp:4)
  An alligator (Swamp:3)
  2 deep elf knights
  A goliath frog (Swamp:4)
  A cane toad (Lair:5)
  An orange demon (D:7)
  A komodo dragon (Lair:5)
  4 bloated husks
  A slime creature (Slime:3)
  2 spriggans (Swamp:4)
  An orc priest (Orc:2)
  An orc wizard (Orc:2)
  24 foxfires
44 creatures vanquished.

Grand Total: 2339 creatures vanquished

Notes
Turn   | Place    | Note
-------+----------+-------------------------------------------
     0 | D:1      | Charly the Naga Fighter began the quest for the Orb.
     0 | D:1      | Reached XP level 1. HP: 21/21 MP: 1/1
    50 | D:1      | Reached skill level 1 in Stealth
   130 | D:1      | Reached XP level 2. HP: 28/28 MP: 2/2
   384 | D:1      | Reached XP level 3. HP: 34/34 MP: 3/3
   939 | D:2      | Reached XP level 4. HP: 43/43 MP: 4/4
   992 | D:2      | Noticed Natasha
  1000 | D:2      | Killed Natasha
  1279 | D:2      | Noticed Natasha
  1288 | D:2      | Killed Natasha
  1289 | D:2      | Reached XP level 5. HP: 50/50 MP: 5/5
  1452 | D:2      | Noticed Natasha
  1531 | D:2      | Killed Natasha
  1532 | D:2      | Reached skill level 4 in Fighting
  1532 | D:2      | Reached skill level 5 in Stealth
  1601 | D:2      | Noticed Sigmund
  1739 | D:3      | Found a basalt altar of Yredelemnul.
  2166 | D:3      | Noticed Robin
  2178 | D:3      | Killed Robin
  2179 | D:3      | Reached XP level 6. HP: 57/57 MP: 6/6
  2608 | D:3      | Found a sparkling altar of Nemelex Xobeh.
  2877 | D:4      | Reached XP level 7. HP: 66/66 MP: 7/7
  3051 | D:4      | Reached skill level 5 in Fighting
  3179 | D:5      | Entered Level 5 of the Dungeon
  3335 | D:5      | Found a shimmering altar of Xom.
  3383 | D:5      | Reached skill level 5 in Axes
  3402 | D:5      | Reached XP level 8. HP: 76/76 MP: 8/8
  3611 | D:5      | Reached skill level 6 in Fighting
  4214 | D:5      | Found a shimmering blue altar of Sif Muna.
  4578 | D:6      | Found a radiant altar of Vehumet.
  4695 | D:6      | Reached skill level 7 in Fighting
  4695 | D:6      | Reached XP level 9. HP: 76/86 MP: 9/9
  4996 | D:6      | Found a staircase to the Ecumenical Temple.
  5072 | Temple   | Entered the Ecumenical Temple
  5504 | D:7      | Noticed Duvessa
  5544 | D:7      | Killed Duvessa
  5551 | D:7      | Noticed Dowan
  6048 | D:7      | Noticed Joseph
  6301 | D:7      | Found an opulent altar of Gozag.
  6301 | D:7      | Found a hide-covered altar of Uskayaw.
  6306 | D:7      | Found an iron altar of Okawaru.
  6309 | D:7      | Became a worshipper of Gozag Ym Sagoz the Greedy
  6312 | D:7      | Found a faded altar of an unknown god.
  6314 | D:7      | Found a bloodstained altar of Trog.
  6354 | D:7      | Reached skill level 8 in Fighting
  6399 | D:7      | Killed Dowan
  6959 | D:2      | Killed Sigmund
  7023 | D:2      | Found a faded altar of an unknown god.
  7179 | D:5      | Reached skill level 10 in Axes
  7347 | D:8      | Noticed Maurice
  7387 | D:8      | Killed Maurice
  7388 | D:8      | Reached XP level 10. HP: 86/98 MP: 10/10
  7448 | D:8      | Noticed Grum
  7579 | D:8      | Killed Grum
  7592 | D:8      | Reached skill level 9 in Fighting
  7650 | D:8      | Noticed Prince Ribbit
  7665 | D:8      | Killed Prince Ribbit
  8502 | D:8      | Found an ornate altar of the Wu Jian Council.
  8751 | D:8      | Reached skill level 1 in Evocations
  8751 | D:8      | Reached XP level 11. HP: 108/108 MP: 11/11
  8937 | D:9      | Reached skill level 10 in Fighting
  9043 | D:9      | Noticed a two-headed ogre
  9129 | D:9      | Killed a two-headed ogre
  9206 | D:9      | Identified the +5 ring mail of Nemelex Xobeh's Grace {rF-
                  | rCorr Int+3}
  9491 | D:9      | Found a snail-covered altar of Cheibriados.
  9868 | D:9      | Found an ancient bone altar of Kikubaaqudgha.
  9934 | D:10     | Entered Level 10 of the Dungeon
  9960 | D:10     | Noticed Erica
  9971 | D:10     | Killed Erica
 10054 | D:10     | Found a staircase to the Lair.
 10331 | Lair:1   | Entered Level 1 of the Lair of Beasts
 10658 | Lair:1   | Reached XP level 12. HP: 113/118 MP: 12/12
 10790 | Lair:1   | Reached skill level 5 in Shields
 11014 | Lair:1   | Reached skill level 11 in Fighting
 11273 | Lair:1   | Noticed Harold
 11302 | Lair:1   | Killed Harold
 11303 | Lair:1   | Reached skill level 5 in Evocations
 11747 | Lair:2   | Found a shimmering altar of Xom.
 12224 | Lair:2   | Found a hole to the Spider Nest.
 12265 | Lair:2   | Identified the +7 chain mail of the Original Sin {rElec rN+
                  | Will++ Int-4}
 12729 | Lair:3   | Noticed Kirke
 12757 | Lair:3   | Killed Kirke
 12982 | Lair:3   | Reached skill level 15 in Axes
 13263 | Lair:3   | Gained mutation: You can use your snake-like lower body to
                  | constrict enemies. [Naga growth]
 13263 | Lair:3   | Reached XP level 13. HP: 125/126 MP: 13/13
 13387 | Lair:3   | Found a staircase to the Swamp.
 13484 | Lair:3   | Found a transporter.
 13486 | Lair:3   | Found a transporter.
 14268 | Lair:3   | Bought a +2 war axe of freezing for 274 gold pieces
 14737 | Lair:4   | Reached skill level 12 in Fighting
 15045 | Lair:4   | Noticed Nessos
 15057 | Lair:4   | Killed Nessos
 15646 | Lair:5   | Entered Level 5 of the Lair of Beasts
 15646 | Lair:5   | Found a viscous altar of Jiyva.
 15646 | Lair:5   | Found a staircase to the Slime Pits.
 15857 | Lair:5   | Reached skill level 5 in Armour
 16073 | Lair:5   | Reached XP level 14. HP: 102/139 MP: 14/14
 16657 | Lair:5   | Reached skill level 13 in Fighting
 16693 | Lair:5   | Noticed a dire elephant
 16711 | Lair:5   | Killed a dire elephant
 17272 | D:7      | Killed Joseph
 17358 | D:10     | Bought a scroll of vulnerability for 52 gold pieces
 17358 | D:10     | Bought a scroll of fear for 52 gold pieces
 17358 | D:10     | Bought a scroll of identify for 26 gold pieces
 17358 | D:10     | Bought a scroll of teleportation for 39 gold pieces
 17358 | D:10     | Bought a scroll of fear for 52 gold pieces
 17358 | D:10     | Bought a scroll of poison for 52 gold pieces
 17358 | D:10     | Bought a scroll of identify for 26 gold pieces
 17381 | D:10     | Noticed Lodul
 17401 | D:10     | Killed Lodul
 17771 | D:11     | Noticed Josephine
 17785 | D:11     | Killed Josephine
 17907 | D:11     | Found a staircase to the Orcish Mines.
 18529 | Orc:1    | Entered Level 1 of the Orcish Mines
 18919 | Orc:1    | Noticed Erolcha
 18933 | Orc:1    | Reached skill level 14 in Fighting
 18935 | Orc:1    | Killed Erolcha
 19321 | Orc:2    | Entered Level 2 of the Orcish Mines
 19355 | Orc:1    | Noticed an orc warlord
 19363 | Orc:1    | Killed an orc warlord
 19487 | Orc:2    | Noticed Donald
 19499 | Orc:2    | Killed Donald
 19554 | Orc:2    | Found a gate leading to a gauntlet.
 19567 | Gauntlet | Entered a Gauntlet
 19567 | Gauntlet | Found a transporter.
 19567 | Gauntlet | Found a transporter.
 19567 | Gauntlet | Found a transporter.
 19668 | Gauntlet | Found a transporter.
 19678 | Gauntlet | Found a transporter.
 19681 | Gauntlet | Found a transporter.
 19691 | Gauntlet | Found a transporter.
 19709 | Gauntlet | Found the +2 cloak of the Thief {*Fog Slay-2 SInv Stlth+}
 19710 | Gauntlet | Found a transporter.
 19724 | Gauntlet | Found a transporter.
 19727 | Gauntlet | Found a transporter.
 19735 | Gauntlet | Found a transporter.
 19738 | Gauntlet | Found a transporter.
 19979 | Gauntlet | Reached XP level 15. HP: 134/152 MP: 15/15
 20132 | Gauntlet | Identified the ring "Rachaka" {Drain rElec rC+++ AC+4
                  | Str-5}
 20155 | Gauntlet | Identified the +3 trident "Sonil" {freeze, Will+}
 20155 | Gauntlet | Identified the +0 plate armour "Kiejam" {Str+3 Int+6}
 20179 | Gauntlet | Got an uncut book
 20189 | Orc:2    | Found a staircase to the Elven Halls.
 20973 | Orc:2    | Found Oddisav's Weapon Shop.
 20973 | Orc:2    | Found Gail Yle's Weapon Boutique.
 20974 | Orc:2    | Found Nomeenio's Book Boutique.
 20978 | Orc:2    | Found Yshummod's Armour Shop.
 21150 | Orc:2    | Bought a potion of cancellation for 136 gold pieces
 21150 | Orc:2    | Bought a potion of curing for 51 gold pieces
 21150 | Orc:2    | Bought a potion of cancellation for 136 gold pieces
 21150 | Orc:2    | Bought a potion of curing for 51 gold pieces
 21150 | Orc:2    | Bought a potion of curing for 51 gold pieces
 21150 | Orc:2    | Bought a potion of heal wounds for 85 gold pieces
 21150 | Orc:2    | Bought a potion of heal wounds for 85 gold pieces
 21150 | Orc:2    | Bought a potion of curing for 51 gold pieces
 21172 | Orc:2    | Bought 3 curare-tipped darts for 46 gold pieces
 21172 | Orc:2    | Bought a +3 broad axe for 273 gold pieces
 21178 | Orc:2    | Bought a +0 pair of gloves of dexterity for 172 gold pieces
 21209 | Orc:2    | Bought a potion of invisibility for 120 gold pieces
 21209 | Orc:2    | Bought a potion of enlightenment for 75 gold pieces
 21209 | Orc:2    | Bought a potion of enlightenment for 75 gold pieces
 21209 | Orc:2    | Bought a potion of curing for 45 gold pieces
 21209 | Orc:2    | Bought a potion of might for 60 gold pieces
 21209 | Orc:2    | Bought 2 potions of haste for 300 gold pieces
 21209 | Orc:2    | Bought a potion of curing for 45 gold pieces
 21209 | Orc:2    | Bought a potion of heal wounds for 75 gold pieces
 21295 | D:10     | Bought a scroll of enchant weapon for 97 gold pieces
 21295 | D:10     | Bought a scroll of enchant weapon for 97 gold pieces
 22174 | D:13     | Found a gate to the Vaults.
 22337 | D:13     | Reached skill level 15 in Fighting
 22337 | D:13     | Reached skill level 10 in Evocations
 22480 | D:13     | Noticed a lich
 22480 | D:13     | Noticed Jaeviudi's ghost (journeyman GnRe)
 22621 | D:13     | Found a runed translucent door.
 22630 | D:13     | Found a runed translucent door.
 22907 | D:14     | Identified a scroll of acquirement
 22909 | D:14     | Acquired a manual of Armour
 23802 | D:15     | Entered Level 15 of the Dungeon
 23860 | D:15     | Found a staircase to the Depths.
 24605 | D:15     | Found a burning altar of Makhleb.
 24916 | D:13     | Killed a lich
 24928 | D:13     | Reached XP level 16. HP: 142/163 MP: 16/16
 24957 | D:13     | Killed Jaeviudi's ghost
 24985 | D:13     | Reached skill level 10 in Shields
 25320 | Swamp:1  | Entered Level 1 of the Swamp
 25848 | Swamp:1  | Noticed Louise
 25864 | Swamp:1  | Killed Louise
 26888 | Swamp:2  | Noticed a thorn hunter
 26902 | Swamp:2  | Killed a thorn hunter
 28038 | Swamp:3  | Noticed dannycarnage's ghost (adept OpVM)
 28039 | Swamp:3  | Found a transporter.
 28040 | Swamp:3  | Noticed a tentacled monstrosity
 28348 | Swamp:3  | Identified the +5 scale mail of the Hurtling Gods {Regen+
                  | MP+9 Str+8}
 28349 | Swamp:3  | Identified the ring "Pohul" {rF+++ rCorr MP+9 Str-2 Int+3}
 28363 | Swamp:3  | Found a transporter.
 28827 | Swamp:4  | Entered Level 4 of the Swamp
 28886 | Swamp:4  | Reached XP level 17. HP: 104/172 MP: 17/17
 28895 | Swamp:4  | Reached skill level 10 in Armour
 29136 | Swamp:4  | Got a whispering book
 29164 | Swamp:4  | Reached skill level 16 in Fighting
 30113 | Swamp:4  | Got a decaying rune of Zot
 30252 | Lair:3   | Bought a scroll of teleportation for 45 gold pieces
 30252 | Lair:3   | Bought a scroll of enchant weapon for 112 gold pieces
 30252 | Lair:3   | Bought a scroll of enchant armour for 112 gold pieces
 30333 | Spider:1 | Entered Level 1 of the Spider Nest
 31739 | Spider:2 | You fall into a shaft and drop 1 floor!
 31839 | Spider:2 | Paralysed by a jorogumo for 3 turns
 32333 | Spider:3 | Reached XP level 18. HP: 170/182 MP: 0/18
 33094 | Spider:2 | Identified the +3 orcbow of Terra Nullius {freeze, rF++
                  | rCorr}
 34395 | Spider:4 | Entered Level 4 of the Spider Nest
 34986 | Spider:4 | Noticed Arachne
 35013 | Spider:4 | Killed Arachne
 35014 | Spider:4 | Reached skill level 17 in Fighting
 36128 | Spider:4 | Got a gossamer rune of Zot
 36302 | Spider:4 | Reached XP level 19. HP: 193/193 MP: 19/19
 36929 | D:10     | Bought a glowing scarf for 296 gold pieces
 37006 | Vaults:1 | Entered Level 1 of the Vaults
 37329 | Vaults:1 | Identified the +4 dagger "Pohirij" {venom, rPois rN+ Will-
                  | MP+9}
 37437 | Vaults:1 | Noticed Zenata
 37446 | Vaults:1 | Killed Zenata
 37585 | Vaults:1 | Reached skill level 15 in Shields
 37789 | Vaults:1 | Identified the amulet of Zus Ysog {Faith Will- Regen+ Int+4
                  | Slay+5}
 37846 | Vaults:1 | Paralysed by a formless jellyfish for 1 turns
 38075 | Vaults:1 | Identified the +5 ring mail "Nextuch" {rElec Int-5 Dex+3}
 38083 | Vaults:1 | Identified the +4 dagger of Conscience {heavy, Stlth+}
 38084 | Vaults:1 | Identified the +1 hand axe "Ugra" {flame, Will+}
 39054 | Vaults:2 | Paralysed by a formless jellyfish for 1 turns
 39165 | Vaults:2 | Found Xolaotzoxorr's Jewellery Emporium.
 39171 | Vaults:2 | Bought a +4 ring of slaying for 780 gold pieces
 39329 | Vaults:2 | Reached skill level 18 in Fighting
 39380 | Vaults:2 | Reached XP level 20. HP: 200/204 MP: 20/20
 39412 | Vaults:2 | Noticed Frederick
 39436 | Vaults:2 | Killed Frederick
 39767 | Vaults:2 | Noticed Nikola
 39775 | Vaults:2 | Killed Nikola
 40492 | D:10     | Bought bloodstained ice dragon scales for 2405 gold pieces
 40492 | D:10     | Identified the +9 ice dragon scales of the Squeaky
                  | Cockroach {rF- rC++ Regen+ Str+7 Dex-3 Stlth+} (You bought
                  | it in a shop on level 10 of the Dungeon)
 40832 | Vaults:3 | Found Cetisyth's Armour Shoppe.
 41621 | Vaults:3 | Found a runed translucent door.
 41621 | Vaults:3 | Found a shimmering altar of Xom.
 41621 | Vaults:3 | Noticed Lafiguk's ghost (adept OgCA)
 41829 | Vaults:3 | Found a staircase to the Crypt.
 42198 | Vaults:3 | Killed Lafiguk's ghost
 42204 | Vaults:3 | Identified the +6 ring mail of the Louse {rElec Str+3}
 42552 | Vaults:4 | Reached skill level 15 in Evocations
 42587 | Vaults:4 | Noticed Xtahua
 42597 | Vaults:4 | Killed Xtahua
 42994 | Vaults:4 | Reached XP level 21. HP: 211/213 MP: 21/21
 43726 | Elf:1    | Entered Level 1 of the Elven Halls
 43771 | Elf:1    | Found Nesium's Magic Scroll Emporium.
 43780 | Elf:1    | Bought a scroll of teleportation for 39 gold pieces
 43780 | Elf:1    | Bought a scroll of fear for 52 gold pieces
 43780 | Elf:1    | Bought a scroll of revelation for 97 gold pieces
 43780 | Elf:1    | Bought a scroll of teleportation for 39 gold pieces
 43876 | Elf:1    | Reached skill level 19 in Fighting
 44277 | Elf:1    | Paralysed by an air elemental for 1 turns
 44339 | Elf:1    | Got a quivering book
 44425 | Elf:1    | Reached skill level 1 in Dodging
 44823 | Elf:1    | Noticed Agnes
 44828 | Elf:1    | Killed Agnes
 44944 | Elf:2    | Found a runed translucent gate.
 44944 | Elf:2    | Found a runed translucent gate.
 44944 | Elf:2    | Found a runed translucent gate.
 44946 | Elf:2    | Noticed Yfesuf's ghost (adept CeHu)
 45095 | Elf:2    | Found Nec Neup's Assorted Antiques.
 45101 | Elf:2    | Bought a potion of berserk rage for 155 gold pieces
 45101 | Elf:2    | Bought a scroll of revelation for 232 gold pieces
 45195 | Elf:2    | Killed Yfesuf's ghost
 45387 | Elf:2    | Found a runed translucent gate.
 45388 | Elf:2    | Found a runed translucent gate.
 45388 | Elf:2    | Found a runed translucent gate.
 45431 | Elf:2    | Found Zopty's Book Emporium.
 45596 | Elf:2    | Found Sogesig's Antique Armour Emporium.
 45599 | Elf:2    | Bought a steaming plate armour for 980 gold pieces
 45599 | Elf:2    | Identified the +6 plate armour of Youthful Indiscretion
                  | {rN+ Regen+} (You bought it in a shop on level 2 of the
                  | Elven Halls)
 45843 | Elf:2    | Reached skill level 15 in Armour
 46248 | Elf:3    | Entered Level 3 of the Elven Halls
 46410 | Elf:3    | Noticed Asterion
 46418 | Elf:3    | Killed Asterion
 46597 | Elf:3    | Reached XP level 22. HP: 207/228 MP: 22/22
 46636 | Elf:3    | Reached skill level 20 in Fighting
 46733 | Elf:3    | Identified the ring "Zurun" {Fly Will+ rCorr}
 47038 | Elf:3    | Identified the +9 whip "Diseol" {heavy, Drain rPois rN++
                  | rCorr}
 47038 | Elf:3    | Identified the +1 robe of Henotheism {+Blink rPois rF-
                  | Int-3}
 47084 | Elf:3    | Reached skill level 5 in Dodging
 47233 | Elf:3    | Identified the +7 battleaxe "Wedottoq" {drain, rF+}
 47333 | Elf:3    | Got a grimy book
 47361 | Elf:3    | Found the +3 warlock's mirror {omnireflect}
 47399 | Elf:3    | Identified the +0 scale mail of Duck's Teeth {rN+ Str+4
                  | Stlth+}
 48782 | Depths:1 | Entered Level 1 of the Depths
 48922 | Depths:1 | Found Bug Boax's Fire Supplies.
 48939 | Depths:1 | Found a gateway to Hell.
 48939 | Depths:1 | Gained mutation: You occasionally lose the ability to read
                  | scrolls when taking damage. [a shining eye]
 48951 | Depths:1 | Found a one-way gate to the infinite horrors of the Abyss.
 48977 | Depths:1 | Lost mutation: You occasionally lose the ability to read
                  | scrolls when taking damage. [potion of mutation]
 48977 | Depths:1 | Gained mutation: Your magical capacity is low. (-10% MP)
                  | [potion of mutation]
 48977 | Depths:1 | Gained mutation: Your tail ends in a venomous barb. [potion
                  | of mutation]
 48977 | Depths:1 | Gained mutation: Your tail ends in a sharp venomous barb.
                  | [potion of mutation]
 48977 | Depths:1 | Gained mutation: You are partially covered in iridescent
                  | scales. (AC +2) [potion of mutation]
 49517 | Depths:1 | Found a one-way gateway to a ziggurat.
 50415 | Elf:2    | Bought translucent shadow dragon scales for 2975 gold
                  | pieces
 50415 | Elf:2    | Identified the +4 shadow dragon scales of Omission {rElec
                  | rN+ Will+ Slay+2 Stlth++++} (You bought it in a shop on
                  | level 2 of the Elven Halls)
 50692 | Depths:2 | Reached skill level 21 in Fighting
 50828 | Depths:2 | Found a one-way gate leading to the halls of Pandemonium.
 51278 | Depths:2 | Reached XP level 23. HP: 237/240 MP: 20/20
 51815 | Depths:3 | Noticed Mennas
 51840 | Depths:3 | Killed Mennas
 52082 | Depths:3 | Found a radiant altar of Vehumet.
 52236 | Depths:3 | Noticed a juggernaut
 52257 | Depths:3 | Killed a juggernaut
 52637 | Depths:3 | Identified the +9 scale mail of Vehumet's Displeasure
                  | {+Inv}
 52893 | Depths:3 | Found a burning altar of Makhleb.
 52904 | Depths:3 | Identified the ring of Fuceah {Fire rElec rPois rN++ Dex-3}
 52908 | Depths:3 | Got a thrumming book
 52913 | Depths:3 | Identified the staff of Karma {+Blink rN++ Will+++ MP-9
                  | Conj}
 53265 | Depths:4 | Entered Level 4 of the Depths
 53278 | Depths:4 | Reached skill level 22 in Fighting
 53421 | Depths:4 | Noticed a caustic shrike
 53456 | Depths:4 | Killed a caustic shrike
 53540 | Depths:4 | Noticed a golden dragon
 53557 | Depths:4 | Killed a golden dragon
 53594 | Depths:4 | Noticed a golden dragon
 53603 | Depths:4 | Killed a golden dragon
 53806 | Depths:4 | Reached skill level 10 in Dodging
 53810 | Depths:4 | Identified the scarf of the Secret People {harm, rF+ Str+3}
 53815 | Depths:4 | Identified the ring "Ofiasier" {rCorr Str+3 Dex+3}
 53817 | Depths:4 | Got a shiny book
 53982 | Depths:4 | Noticed a golden dragon
 53987 | Depths:4 | Killed a golden dragon
 53988 | Depths:4 | Noticed a juggernaut
 53995 | Depths:4 | Reached XP level 24. HP: 220/254 MP: 20/20
 54003 | Depths:4 | Killed a juggernaut
 54233 | Depths:4 | Noticed a juggernaut
 54245 | Depths:4 | Killed a juggernaut
 54322 | Depths:4 | Noticed a caustic shrike
 54333 | Depths:4 | Killed a caustic shrike
 54432 | Depths:4 | Found a stormy altar of Qazlal.
 54433 | Depths:4 | Found a sacrificial altar of Ru.
 54441 | Depths:4 | Found a bloodstained altar of Trog.
 54681 | Depths:4 | Found a gate to the Realm of Zot.
 55031 | Depths:4 | Noticed a juggernaut
 55032 | Depths:4 | Noticed an ancient lich
 55034 | Depths:4 | Noticed a caustic shrike
 55042 | Depths:4 | Killed a caustic shrike
 55053 | Depths:4 | Killed a juggernaut
 55054 | Depths:4 | Reached skill level 23 in Fighting
 55061 | Depths:4 | Killed an ancient lich
 55147 | Depths:4 | Upgraded the game from 0.31-a0-851-g7ff8af7976 to
                  | 0.31-a0-854-g362426d53f
 55667 | Swamp:3  | Killed dannycarnage's ghost
 55872 | Slime:1  | Entered Level 1 of the Pits of Slime
 56108 | Slime:5  | Entered Level 5 of the Pits of Slime
 56230 | Slime:5  | Noticed the Royal Jelly
 56242 | Slime:5  | Killed the Royal Jelly
 56425 | Slime:5  | Identified the ring "Umusm" {Wiz Will+ Str-2 Int+2}
 56439 | Slime:5  | Got a slimy rune of Zot
 56440 | Slime:5  | Identified the amulet "Diega" {Acrobat Harm}
 56509 | Slime:5  | Identified the ring of the Little Devil {Fly rC+ Will+
                  | Int+2}
 56533 | Slime:5  | Identified the +2 cloak "Zaczamof" {+Inv rElec Int+3}
 56560 | Slime:5  | Got a black book
 57319 | Depths:4 | Bought the +2 hood of the Assassin {Detect Stab+ Stlth++}
                  | for 2160 gold pieces
 57319 | Depths:4 | Found the +2 hood of the Assassin {Detect Stab+ Stlth++}
 57730 | Vaults:5 | Entered Level 5 of the Vaults
 57736 | Vaults:5 | Reached XP level 25. HP: 262/266 MP: 20/20
 57772 | Vaults:5 | Reached skill level 24 in Fighting
 57984 | Vaults:5 | Noticed an ancient lich
 58025 | Vaults:5 | Noticed a dread lich
 58026 | Vaults:5 | Killed an ancient lich
 58037 | Vaults:5 | Killed a dread lich
 58154 | Vaults:5 | Identified the +0 flail of the Scroll {elec, rC+ Str+5}
 58201 | Vaults:5 | Got a silver rune of Zot
 58407 | Vaults:5 | Identified the ring "Syttir Were" {Wiz Contam rPois Int+3}
 58479 | Vaults:5 | Identified the +10 sling "Poqaofez" {freeze, rC++ Int-2
                  | Dex+2}
 58479 | Vaults:5 | Identified the ring "Dimoh" {rPois rN+ rCorr Int+6}
 58513 | Vaults:5 | Identified the +2 leather armour of the Evening {Will+}
 58513 | Vaults:5 | Identified the ring "Ekoits" {rC+ MP+9 Dex+2}
 58616 | Vaults:5 | Noticed a dread lich
 58626 | Vaults:5 | Killed a dread lich
 59032 | Vaults:5 | Identified the +1 plate armour of Wuzeasam {Str+6 Slay+2}
 59034 | Vaults:5 | Got an exquisite book
 59309 | Vaults:5 | Noticed a dread lich
 59321 | Vaults:5 | Killed a dread lich
 59322 | Vaults:5 | Reached XP level 26. HP: 138/280 MP: 20/20
 61605 | Zot:1    | Entered Level 1 of the Realm of Zot
 61687 | Zot:1    | Reached skill level 25 in Fighting
 63394 | Zot:3    | Noticed an orb of fire
 63402 | Zot:3    | Killed an orb of fire
 64084 | Zot:4    | Found the +4 dragonskin cloak
 64084 | Zot:4    | Noticed Tiamat
 64190 | Zot:4    | Reached skill level 26 in Fighting
 64220 | Zot:4    | Reached XP level 27. HP: 287/294 MP: 20/20
 64827 | Zot:4    | Killed Tiamat
 65418 | Zot:4    | Identified the +6 short sword "Salaqid" {antimagic, *Slow
                  | rElec rPois rCorr}
 65754 | Zot:5    | Entered Level 5 of the Realm of Zot
 66294 | Zot:5    | Noticed an orb of fire
 66311 | Zot:5    | Killed an orb of fire
 66896 | Zot:5    | Noticed a dread lich
 66905 | Zot:5    | Killed a dread lich
 67526 | Zot:5    | Noticed an orb of fire
 67535 | Zot:5    | Reached skill level 27 in Fighting
 67544 | Zot:5    | Killed an orb of fire
 67546 | Zot:5    | Noticed a dread lich
 67549 | Zot:5    | Noticed an ancient lich
 67559 | Zot:5    | Killed a dread lich
 67566 | Zot:5    | Reached skill level 15 in Dodging
 67578 | Zot:5    | Killed an ancient lich
 67716 | Zot:5    | Noticed an orb of fire
 67736 | Zot:5    | Killed an orb of fire
 68079 | Zot:5    | Got the Orb of Zot
 68613 | D:9      | Noticed Zeuh the pandemonium lord
 68730 | D:5      | Noticed Kebruly the pandemonium lord
 68826 | D:$      | Escaped with the Orb!

Illustrated notes

Levels and vault maps discovered:
D:1:      lightli_arrival_statuegarden, layout_loops_ring,
          minmay_close_crescents
D:2:      layout_rooms, hellmonk_ecumenical_altar_leap_of_faith, uniq_natasha,
          uniq_sigmund
D:3:      layout_loops_cross, yredelemnul_forgotten_temple_becter,
          nemelex_xobeh_ov_fountains_minmay, uniq_robin
D:4:      layout_rooms
D:5:      layout_cave_pools, kennysheep_little_box, amcnicky_altar_gilded,
          kennysheep_donut
D:6:      layout_cave_pools, mainiacjoe_overflow_alcove_1,
          minmay_temple_entry_hall, serial_column_ruins, column_ruins_grid_1,
          column_ruins_open_large, column_ruins_grid_3,
          column_ruins_corridor_straight, column_ruins_open_tiny,
          chequers_serial_rivers_micro_e
D:7:      layout_gridville, chequers_temple_overflow_minitemple, serial_glass,
          glass_columns_c, glass_columns_a, glass_columns_b, glass_columns_a,
          glass_columns_a, glass_columns_a, uniq_joseph, uniq_duvessa
D:8:      minmay_s_stair_smasher, layout_loops_ring,
          nicolae_wu_jian_wuxing_cycle, grunt_ministairs_11,
          uniq_prince_ribbit1, uniq_maurice, uniq_grum
D:9:      minmay_octagon_keep, layout_rooms, slow_altar_2,
          lemuel_coloured_pillars_altar, grunt_livestock
D:10:     layout_cave_pools, david_lair_shrubbed, kennysheep_dice, uniq_lodul,
          uniq_erica
D:11:     layout_roguey, erik_orc_3, uniq_josephine
D:12:     layout_irregular_city, grunt_ministairs_8
D:13:     layout_rooms, erik_vaults_1, muffindrake_ghost_dual_entry
D:14:     layout_loops_corners
D:15:     gammafunk_depths_entry_grave, layout_stronghold, bloody_makhleb
Temple:   jpeg_temple_alley_garden
Lair:1:   layout_loops_ring, uniq_harold
Lair:2:   layout_loops_ring, spider_nest_entry_rubble, basic_altar, worms_lemuel
Lair:3:   gammafunk_boulding_lane, layout_layer_cave, minmay_swamp_entry_worms,
          serial_bayou_shore_a, uniq_kirke
Lair:4:   hellmonk_destroyed_diamonds, layout_hall_layers,
          nicolae_lair_grazing_beasts [nicolae_sub_lair_graze_edge,
          nicolae_sub_lair_graze_edge, nicolae_sub_lair_graze_edge,
          nicolae_sub_lair_graze_edge], uniq_nessos
Lair:5:   grunt_lair_end_beastmaster, layout_loops_ring, slime_entry_1
Swamp:1:  layout_basic_swamp, evilmike_swamp_ruin_house_6, uniq_louise
Swamp:2:  layout_basic_swamp, evilmike_swamp_ruin_house_2
Swamp:3:  layout_falls_marsh, gammafunk_ghost_arena,
          evilmike_swamp_ruin_house_1, infiniplex_staircase_pool_2
Swamp:4:  swamp, layout_basic_swamp
Spider:1: layout_spider_delve, nicolae_spider_claw_tunnel
Spider:2: layout_spider_delve
Spider:3: layout_cave_pods
Spider:4: grunt_spider_rune_circles, hangedman_stitches_earthworm,
          hangedman_spider_tarantella_strand, uniq_arachne
Slime:1:  layout_caves
Slime:2:  cheibrodos_slime_lost_civilization_1, layout_caves
Slime:3:  layout_caves
Slime:4:  layout_caves
Slime:5:  slime_pit
Orc:1:    lemuel_ogre_cave, layout_diamond_mine, guppyfry_library_mini
Orc:2:    st_orc_mages, layout_caves, gauntlet_entry_generic, uniq_donald
Elf:1:    elf_arrival_001, layout_onion_city, serial_shops, nicolae_shop_trees,
          minmay_elf_sorcery, uniq_agnes
Elf:2:    nicolae_elf_blades_crystal_corner, layout_loops_ring,
          gammafunk_ghost_split, serial_shops, nicolae_shop_real_fake_doors,
          nicolae_shop_rolling_square, shop
Elf:3:    minmay_elf_hall_four_x, layout_loops_cross, minmay_fountain_box,
          minmay_the_grid_square_5x5_3x3_mashed
          [minmay_the_grid_square_5x5_fancy_junction,
          minmay_the_grid_square_5x5_shrine1,
          minmay_the_grid_square_5x5_beaten_path,
          minmay_the_grid_square_5x5_minibox,
          minmay_the_grid_square_5x5_megaprize_diamond,
          minmay_the_grid_square_5x5_seven, minmay_the_grid_square_5x5_three,
          minmay_the_grid_square_5x5_lines, minmay_the_grid_square_5x5_n],
          uniq_asterion
Vaults:1: ontoclasm_vaults_ring_large, v_misc_4,
          nicolae_vaults_storing_the_good_stuff, v_rooms_1,
          hangedman_vaults_stitches, vaults_dpeg_cross,
          nicolae_vaults_closet_pinwheel_5, nicolae_vaults_tetromino_Z_2,
          nicolae_vaults_network_s, layout_vaults_maze_snakey, uniq_zenata
Vaults:2: nicolae_vaults_house_1, nicolae_vaults_big_angled_halls,
          ontoclasm_vaults_ligature, v_misc_25, v_misc_5, grunt_vaults_diagonal,
          nicolae_vaults_sealed_display, v_misc_17, v_misc_1,
          nicolae_vaults_rhombus_7, ontoclasm_vaults_shuriken,
          vaults_room_grunt_arrival_ludios, nicolae_vaults_tetromino_T_2,
          vaults_room_fours, layout_vaults_big_cross, serial_shops,
          nicolae_shop_back_alley_shop, uniq_nikola, uniq_frederick
Vaults:3: ebering_ghost_xom, vaults_room_large_hall,
          nicolae_vaults_stepped_doors, minmay_crypt_entry_simple_sparse,
          vaults_dpeg_encased_lava, v_misc_12,
          nicolae_vaults_taking_the_gang_shopping, v_alt_pattern_3, v_misc_15,
          nicolae_vaults_little_ls, layout_vaults_omnigrid
Vaults:4: vaults_standard_mumra_enter_the_diamond, grunt_vaults_hallway_short,
          nicolae_vaults_doubleplus_tesselated, vaults_dpeg_hooks,
          nicolae_vaults_ring_of_whatevers, v_misc_22,
          nicolae_vaults_circle_grid_a, nicolae_vaults_spaceships,
          nicolae_vaults_weapon_check, v_alt_pattern_6,
          nicolae_vaults_tetromino_L_2, nicolae_vaults_more_shelving_1,
          nicolae_vaults_little_squares_1, nicolae_vaults_tetromino_L_2,
          layout_vaults_ring, uniq_xtahua
Vaults:5
Depths:1: layout_cave_shapes, enter_ziggurat_b,
          nicolae_hell_entry_hellmouth_sunbeams, grunt_decor_cap,
          serial_co_window_serial, co_window_paths_b, co_window_paths_a,
          co_window_paths_a, co_window_paths_a, co_window_corner_a,
          co_window_broadway_a, co_window_corner_ca, co_window_corner_ca,
          co_window_unsneaky_path_e, co_window_unsneaky_path_b, glass_columns_b,
          glass_columns_b, abyss_entry, nicolae_shop_fire_sale
          [nicolae_sub_dead_trees]
Depths:2: minmay_outward_triangles, layout_cross, hell_entry,
          minmay_misc_feat_hallway, pan_entry, nicolae_integral_box,
          minmay_staircase_windowed_small, serial_bayou_shore_b
Depths:3: evilmike_makhleb_hellhole, layout_cave_shapes, abyss_entry_crystal,
          dreamdust_wishing_well, hell_entry, pan_entry,
          nicolae_vehumet_radiance, kennysheep_random_hallway,
          minmay_staircase_statues, uniq_mennas
Depths:4: hangedman_slaughterboxes, hell_entry
Zot:1:    layout_misc_corridors
Zot:2:    layout_basic, skrybe_zot_glass_3, uniq_grunn
Zot:3:    layout_onion, uniq_josephina
Zot:4:    layout_cathedral_of_symmetry, drop_trap, st_small_dragon_hoard_1,
          evilmike_ambush [evilmike_ambush_outer_doors,
          evilmike_ambush_inner_basic], grunt_megastairs_3, uniq_tiamat
Zot:5:    layout_gridlike

Skill      XL: |  1  2  3  4  5  6  7  8  9 10 11 12 13 14 15 16 17 18 19 20 21 22 23 24 25 26 27 |
---------------+----------------------------------------------------------------------------------+-----
Stealth        | 1 2 3 4 5 7 8 |  8.0
Axes           | 3 4 5 8 10 12 13 15 16 17 18 | 18.0
Fighting       | 4 5 7 8 9 10 11 12 14 15 16 17 18 19 21 22 23 24 26 27 | 27.0
Evocations     | 1 4 6 8 9 10 11 12 13 14 15 | 15.0
Shields        | 4 6 7 9 11 12 14 15 17 18 19 20 21 22 | 22.5
Armour         | 3 5 6 8 9 11 12 13 14 15 16 17 18 19 | 19.6
Dodging        | 3 7 10 12 13 14 15 | 15.6

Action                     |  1- 3 |  4- 6 |  7- 9 | 10-12 | 13-15 | 16-18 | 19-21 | 22-24 | 25-27 || total
---------------------------+-------+-------+-------+-------+-------+-------+-------+-------+-------++-------
  Melee: War axe           |    21 |       |       |       |   628 |       |       |       |       ||   649
         Whip              |    20 |   103 |   242 |    10 |       |       |       |       |       ||   375
         Hand axe          |       |       |    52 |   804 |    69 |    94 |       |       |       ||  1019
         Constrict         |       |       |       |       |   191 |   215 |   223 |   154 |   188 ||   971
         Broad axe         |       |       |       |       |   253 |   980 |  1014 |  1060 |  1343 ||  4650
  Throw: Dart              |       |       |       |    24 |    14 |    13 |     3 |     2 |     1 ||    57
         Throwing net      |       |       |       |       |       |       |       |     1 |       ||     1
 Invoke: Call Merchant     |       |       |       |     1 |     4 |     1 |     1 |     1 |       ||     8
         Potion Petition   |       |       |       |       |       |     2 |       |     3 |     3 ||     8
         Bribe Branch      |       |       |       |       |       |       |       |       |     1 ||     1
Ability: Spit Poison       |    33 |    38 |    46 |    36 |     3 |       |       |       |       ||   156
         Evoke Invisibilit |       |       |       |       |       |       |       |       |     1 ||     1
  Evoke: Wand              |       |       |    18 |    12 |     6 |    19 |     6 |     1 |    11 ||    73
         Sack of spiders   |       |       |       |       |       |       |     1 |     1 |       ||     2
         Tin of tremorston |       |       |       |       |       |       |       |       |     2 ||     2
         Phantom mirror    |       |       |       |       |       |       |       |       |     3 ||     3
    Use: Scroll            |       |     3 |     7 |     5 |    27 |     6 |     1 |     8 |     8 ||    65
         Potion            |       |     1 |       |       |     3 |     4 |       |     5 |     9 ||    22
   Stab: Sleeping          |       |     2 |     3 |     3 |       |     2 |     1 |    13 |    11 ||    35
         Distracted        |       |       |     1 |     4 |     7 |    14 |     7 |    14 |    20 ||    67
         Petrified         |       |       |       |       |     8 |       |       |       |       ||     8
         Petrifying        |       |       |       |       |     1 |       |       |       |       ||     1
         Invisible         |       |       |       |       |       |     2 |     1 |       |     4 ||     7
         Confused          |       |       |       |       |       |       |       |     1 |     1 ||     2
         Paralysed         |       |       |       |       |       |       |       |       |     1 ||     1
 Armour: Scale mail        |    26 |    66 |   174 |   284 |       |       |       |       |       ||   550
         Chain mail        |       |       |       |    72 |   630 |  1119 |   790 |   231 |       ||  2842
         Shadow dragon sca |       |       |       |       |       |       |       |   652 |  1326 ||  1978
  Dodge: Dodged            |    10 |    29 |    69 |   135 |    94 |   146 |   104 |   225 |   368 ||  1180
         Repelled          |       |       |     1 |       |       |     5 |     2 |    12 |       ||    20
  Block: Buckler           |     4 |    40 |   127 |   254 |   207 |       |       |   436 |   686 ||  1754
         Reflection        |       |       |     5 |     3 |    24 |    13 |    70 |    50 |    64 ||   229
         Kite shield       |       |       |       |       |   251 |   901 |   539 |    51 |       ||  1742

Table legend: (Time is in decaauts)
 A = Elapsed time spent in this place.
 B = Non-inter-level travel time spent in this place.
 C = Inter-level travel time spent in this place.
 D = Time resting spent in this place.
 E = Time spent auto-exploring this place.
 F = Levels seen in this place.
 G = Mean time per level.
                   A        B        C        D        E       F      G
               +--------+--------+--------+--------+--------+-----+--------+
         Total |  84098 |  75494 |   8604 |   1871 |  57730 |  54 | 1557.4 |
       Dungeon |  21262 |  18062 |   3200 |   1336 |  12378 |  15 | 1417.5 |
        Temple |     64 |     64 |      0 |      0 |      0 |   1 |   64.0 |
          Lair |   9108 |   8133 |    975 |     22 |   6895 |   5 | 1821.6 |
         Swamp |   5612 |   5314 |    298 |    133 |   4223 |   4 | 1403.0 |
   Spider Nest |   7605 |   7441 |    164 |      0 |   6124 |   4 | 1901.2 |
    Slime Pits |   1270 |   1169 |    101 |      2 |    549 |   5 |  254.0 |
  Orcish Mines |   2941 |   2344 |    597 |      3 |   1720 |   2 | 1470.5 |
   Elven Halls |   6427 |   5898 |    529 |     13 |   4777 |   3 | 2142.3 |
        Vaults |  12619 |  11565 |   1054 |     73 |   9542 |   5 | 2523.8 |
        Depths |   8381 |   7020 |   1361 |      4 |   5426 |   4 | 2095.2 |
           Zot |   8100 |   7781 |    319 |    284 |   5596 |   5 | 1620.0 |
      Gauntlet |    703 |    703 |      0 |      0 |    496 |   1 |  703.0 |
               +--------+--------+--------+--------+--------+-----+--------+

Top non-repeatable levels by time:
Vaults:5: 4437 daAuts
   Elf:3: 3028 daAuts
   Zot:5: 2897 daAuts
Depths:4: 2879 daAuts
Spider:4: 2790 daAuts
  Lair:3: 2653 daAuts
Vaults:1: 2646 daAuts
Vaults:3: 2140 daAuts
Depths:1: 2062 daAuts
     D:8: 1979 daAuts
   Zot:4: 1974 daAuts
 Swamp:3: 1946 daAuts
     D:7: 1944 daAuts
Spider:3: 1915 daAuts
Depths:3: 1844 daAuts
